 Dungeon Crawl Stone Soup version 0.26-a0-40-gfe7b5d5a6f (webtiles) character file.

Game seed: 2225329627078007660, levelgen mode: deterministic

8778 Hastur the Fiendish (level 11, -17/92 HPs)
             Began as a Demonspawn Artificer on May 31, 2020.
             Was a Priest of Makhleb.
             Hit by a large rock thrown by a cyclops (29 damage)
             ... on level 11 of the Dungeon.
             The game lasted 00:40:59 (20013 turns).

Hastur the Fiendish (Demonspawn Artificer)         Turns: 20013, Time: 00:40:59

Health: -17/92     AC: 17    Str: 17    XL:     11   Next: 14%
Magic:  19/19      EV:  4    Int: 12    God:    Makhleb [***...]
Gold:   511        SH: 11    Dex: 13    Spells: 10/10 levels left

rFire    + . .     SeeInvis +   j - +3 scimitar (freeze) (curse)
rCold    . . .     Gourm    .   o - +0 kite shield
rNeg     . . .     Faith    .   O - +0 plate armour
rPois    .         Spirit   .   I - +2 hat
rElec    .         Reflect  .   (no cloak)
rCorr    .         Harm     .   (no gloves)
MR       .....                  A - +1 pair of boots
Stlth    ..........             r - amulet of the acrobat
HPRegen  0.25/turn              p - ring of protection from fire
MPRegen  0.16/turn              K - ring of see invisible

@: mighty, lethally poisoned (-17 -> -21)
A: antennae 1, yellow scales 2, nightstalker 1, powered by pain 1
a: Minor Destruction, Lesser Servant of Makhleb, Renounce Religion


You were on level 11 of the Dungeon.
You worshipped Makhleb.
Makhleb was most pleased with you.
You were hungry.

You visited 2 branches of the dungeon, and saw 12 of its levels.

You collected 551 gold pieces.
You spent 40 gold pieces at shops.

Inventory:

Hand Weapons
 a - a +0 short sword
 j - a cursed +3 scimitar of freezing (weapon)
 z - a +1 dagger of draining
 C - a +1 trident of freezing
Missiles
 m - 428 stones (quivered)
Armour
 b - a +0 leather armour
 d - the +3 salamander hide armour {+Rage rF++}
   (You took it off a big kobold on level 10 of the Dungeon)

   It greatly protects you from fire.
   It lets you go berserk.
 l - a +0 scale mail
 o - a +0 kite shield (worn)
 v - a +0 pair of boots
 A - a +1 pair of boots (worn)
 I - a +2 hat (worn)
 J - a +0 chain mail
 O - a +0 plate armour (worn)
Jewellery
 p - a ring of protection from fire (left hand)
 r - an amulet of the acrobat (around neck)
 y - a cursed -4 ring of strength {unknown}
 E - an uncursed amulet of magic regeneration
 K - a ring of see invisible (right hand)
 L - an uncursed ring of protection from cold
 R - a cursed amulet of inaccuracy {unknown}
Wands
 w - a wand of digging (7)
Scrolls
 c - 3 scrolls of immolation
 g - 5 scrolls of teleportation
 i - a scroll of amnesia {unknown}
 n - a scroll of enchant armour {unknown}
 q - 3 scrolls of fear
 s - 4 scrolls of enchant weapon
 t - 3 scrolls of remove curse
 B - a scroll of noise {unknown}
 F - 3 scrolls of fog
 G - 2 scrolls of blinking
 H - 4 scrolls of identify
 M - a scroll of random uselessness {unknown}
 P - a scroll of magic mapping {unknown}
Potions
 e - a potion of heal wounds
 h - a potion of lignification
 k - 3 potions of curing
 u - 2 potions of brilliance
 x - 2 potions of degeneration
 D - a potion of magic
 N - a potion of haste
Comestibles
 f - 20 rations


   Skills:
 + Level 10.4 Fighting
 - Level 0.8 Short Blades
 - Level 1.7 Dodging
 - Level 3.0 Stealth
 + Level 8.9 Shields
 - Level 11.0 Invocations
 - Level 5.0 Evocations


You had 10 spell levels left.
You didn't know any spells.
Your spell library contained the following spells:

 Spells                   Type           Power        Failure   Level  Hunger
 Corona                   Hex            #......      100%        1    ##.....
 Ensorcelled Hibernation  Hex/Ice        #.....       100%        2    ###....
 Confusing Touch          Hex            #.......     100%        3    ####...
 Dazzling Flash           Conj/Hex       #.....       100%        3    ####...
 Tukima's Dance           Hex            #.......     100%        3    ####...


Dungeon Overview and Level Annotations

Branches:
Dungeon (11/15)            Temple (1/1) D:6            Lair (0/6) D:10
    Orc: D:9-12

Altars:
Ashenzari
Cheibriados
Dithmenos
Elyvilon
Fedhas
Gozag
Hepliaklqana
Kikubaaqudgha
Makhleb
Nemelex Xobeh
Okawaru
Qazlal
Ru
Sif Muna
Trog
Uskayaw
Vehumet
Wu Jian
Xom
Yredelemnul
Zin
The Shining One

Shops:
D:10 *

Annotations:
D:7 2 transporters, Caphalor's ghost, novice DsFi


Innate Abilities, Weirdness & Mutations

You have a pair of small antennae on your head.
You are mostly covered in yellow scales. (AC +3)
You are slightly more attuned to the shadows.
You sometimes gain a little power by taking damage.


Message History

Your smoke demon completely misses the water moccasin.
You block the water moccasin's attack.
Unknown command.
You slash the water moccasin!
The water moccasin seems to slow down.
You freeze the water moccasin.
The water moccasin is severely wounded.
You feel sick.
Your smoke demon hits the water moccasin. x2
The water moccasin dies!
Makhleb accepts your kill.
The cyclops throws a large rock.
The large rock hits you!
* * * LOW HITPOINT WARNING * * *
Your smoke demon hits the cyclops. x2
Your smoke demon hits the cyclops but does no damage.
All of the chunks of flesh in your inventory have rotted away.
A demon appears!
You feel sick.
Your smoke demon hits the cyclops. x3
The cyclops throws a large rock.
The large rock closely misses your neqoxec.
The large rock hits you!!
You die...

.................................
.................................
...................####..........
...................# #..[.......
...................# #.........
...................# #........
................⌠.⌠####........
.... ............_.............
... .......@.⌠............ .#
##..####33####....... .# ..# #
#C(# #....... .# #..# #..#
#..####. .# #..# #..# #..# .#
#..####. #..# ..#
.####....................
...............S.........
.................!.####..


You could see a cyclops, a friendly smoke demon (summoned) and a friendly
neqoxec (summoned).

Vanquished Creatures
  A two-headed ogre (D:11)
  An unseen horror (D:10)
  A troll (D:9)
  A hornet (D:9)
  A wraith (D:10)
  A hungry ghost (D:9)
  A vampire (D:11)
  Eustachio (D:6)
  8 yaks
  2 water moccasins
  5 ice beasts
  A phantom (D:10)
  3 ogres
  3 orc warriors
  2 black bears
  3 centaurs
  2 big kobolds (D:10)
  A wyvern zombie (D:8)
  6 bullfrogs
  A scorpion (D:8)
  14 killer bees
  6 wights
  3 crimson imps
  2 bullfrog zombies
  2 centaur zombies
  A gnoll shaman (D:7)
  6 hounds
  2 jellies (D:10)
  5 orc priests
  2 bullfrog skeletons
  12 orc wizards
  2 centaur skeletons
  3 iguanas
  Ijyb (D:5)
  8 worker ants
  A killer bee zombie (D:7)
  A hound zombie (D:6)
  8 gnolls
  12 adders
  A shadow imp (D:9)
  2 adder skeletons
  5 worms
  4 leopard geckos
  32 orcs
  A ball python (D:4)
  11 bats
  4 giant cockroaches
  4 goblins
  7 hobgoblins
  11 jackals
  15 kobolds
  5 quokkas
  10 frilled lizards
  2 leopard gecko zombies
  7 rats
257 creatures vanquished.

Vanquished Creatures (collateral kills)
  A troll (D:8)
  An acid dragon (D:11)
  A water moccasin (D:11)
  3 wights (D:7)
  A crimson imp (D:6)
  An orc wizard (D:7)
  An iguana (D:7)
  A worker ant (D:4)
  A hound zombie (D:11)
  An adder (D:5)
  2 jackals
  A frilled lizard (D:3)
15 creatures vanquished.

Vanquished Creatures (others)
  2 wights (D:7)
2 creatures vanquished.

Grand Total: 274 creatures vanquished

Notes
Turn   | Place    | Note
-------+----------+-------------------------------------------
     0 | D:1      | Hastur the Demonspawn Artificer began the quest for the
                  | Orb.
     0 | D:1      | Reached XP level 1. HP: 15/15 MP: 3/3
    69 | D:1      | Reached skill level 1 in Stealth
   454 | D:1      | Gained mutation: You have a pair of small antennae on your
                  | head. [demonic ancestry]
   454 | D:1      | Reached XP level 2. HP: 16/21 MP: 4/4
  1648 | D:2      | Reached XP level 3. HP: 27/27 MP: 5/5
  2582 | D:3      | Gained mutation: You are partially covered in yellow
                  | scales. (AC +2) [demonic ancestry]
  2582 | D:3      | Reached XP level 4. HP: 29/34 MP: 6/6
  3390 | D:3      | Reached XP level 5. HP: 21/41 MP: 7/7
  4941 | D:3      | Gained mutation: You sometimes gain a little power by
                  | taking damage. [demonic ancestry]
  4941 | D:3      | Reached XP level 6. HP: 29/48 MP: 9/9
  5537 | D:3      | Reached skill level 5 in Evocations
  5944 | D:4      | Reached skill level 5 in Fighting
  6129 | D:4      | Reached XP level 7. HP: 56/56 MP: 10/10
  6881 | D:4      | Found a hide-covered altar of Uskayaw.
  6917 | D:5      | Entered Level 5 of the Dungeon
  6938 | D:5      | Noticed Ijyb
  7000 | D:5      | Killed Ijyb
  8549 | D:5      | Gained mutation: You are mostly covered in yellow scales.
                  | (AC +3) [demonic ancestry]
  8549 | D:5      | Reached XP level 8. HP: 45/68 MP: 11/11
  9402 | D:6      | Noticed Eustachio
  9492 | D:6      | Killed Eustachio
  9694 | D:6      | Found a staircase to the Ecumenical Temple.
  9719 | Temple   | Entered the Ecumenical Temple
  9894 | Temple   | Became a worshipper of Makhleb the Destroyer
 10575 | D:7      | Reached skill level 1 in Shields
 11217 | D:7      | Found a transporter.
 11218 | D:7      | Found a transporter.
 11218 | D:7      | Noticed Caphalor's ghost (novice DsFi)
 11295 | D:7      | Reached skill level 10 in Fighting
 11301 | D:7      | Reached skill level 1 in Invocations
 11301 | D:7      | Gained mutation: You are slightly more attuned to the
                  | shadows. [demonic ancestry]
 11301 | D:7      | Reached XP level 9. HP: 67/78 MP: 12/12
 11328 | D:7      | Reached skill level 2 in Invocations
 11850 | D:7      | Reached * piety under Makhleb
 11882 | D:7      | Reached skill level 3 in Invocations
 12759 | D:7      | Reached skill level 4 in Invocations
 12919 | D:8      | Noticed a troll
 13631 | D:7      | Reached skill level 5 in Invocations
 14338 | D:7      | Reached skill level 5 in Shields
 14338 | D:7      | Reached skill level 6 in Invocations
 14726 | D:8      | Killed a troll
 14828 | D:8      | Reached skill level 7 in Invocations
 14932 | D:8      | Noticed a queen bee
 15368 | D:8      | Noticed a guardian serpent
 15368 | D:8      | a queen bee changed into a guardian serpent
 15942 | D:8      | Reached XP level 10. HP: 85/85 MP: 15/15
 16102 | D:8      | Reached skill level 8 in Invocations
 16121 | D:8      | Reached ** piety under Makhleb
 16547 | D:9      | Found the +4 robe of Augmentation {Str+4 Int+4 Dex+4}
 18376 | D:9      | Reached skill level 9 in Invocations
 18383 | D:10     | Entered Level 10 of the Dungeon
 18383 | D:10     | Found Ohix's General Store.
 18391 | D:10     | Bought a scroll of identify for 20 gold pieces
 18391 | D:10     | Bought a scroll of identify for 20 gold pieces
 18619 | D:10     | Reached skill level 10 in Invocations
 18625 | D:10     | Noticed an unseen horror
 18633 | D:10     | Found a staircase to the Lair.
 18637 | D:10     | Killed an unseen horror
 18643 | D:10     | Reached *** piety under Makhleb
 18738 | D:10     | Reached skill level 11 in Invocations
 18936 | D:10     | Found a glowing golden altar of the Shining One.
 19592 | D:10     | Reached XP level 11. HP: 63/90 MP: 19/19
 19761 | D:11     | Noticed a two-headed ogre
 19772 | D:11     | Killed a two-headed ogre
 19933 | D:11     | Found a sparkling altar of Nemelex Xobeh.
 20013 | D:11     | Hit by a large rock thrown by a cyclops

Illustrated notes

Levels and vault maps discovered:
D:1:      shiori_arrival_maze, layout_loops_ring, patterned_corridor
D:2:      layout_rooms, kennysheep_generic_room_10
D:3:      layout_loops_corners
D:4:      layout_cave_pods, lemuel_coloured_pillars_altar, first_ration,
          minmay_vboxes
D:5:      layout_loops_corners, uniq_ijyb
D:6:      layout_basic, minmay_temple_entry_stoned_glass, uniq_eustachio
D:7:      layout_layer_cave, gammafunk_ghost_mausoleum
D:8:      layout_rooms, david_nohive_1
D:9:      layout_irregular_city
D:10:     layout_basic, lair_entry_dummy, serial_shops, shop,
          lemuel_statue_altar
D:11:     layout_small_grid, bh_chokoban, nemelex_xobeh_ov_fountains_minmay
Temple:   kilobyte_greek_temple

Skill      XL: |  1  2  3  4  5  6  7  8  9 10 |
---------------+-------------------------------+-----
Stealth        | 1 2 3 |  3.0
Fighting       | 2 3 4 5 7 10 | 10.4
Evocations     | 4 5 |  5.0
Shields        | 2 6 8 |  8.9
Invocations    | 1 7 11 | 11.0
Short Blades   | |  0.8
Dodging        | |  1.7

Action                   |  1- 3 |  4- 6 |  7- 9 | 10-12 || total
-------------------------+-------+-------+-------+-------++-------
Melee: Short sword       |   154 |   332 |    66 |       ||   552
       Dagger            |       |       |   365 |       ||   365
       Trident           |       |       |   168 |       ||   168
       Unarmed           |       |       |     8 |       ||     8
       Scimitar          |       |       |    77 |   367 ||   444
Throw: Stone             |    15 |    12 |    23 |       ||    50
Invok: Minor Destruction |       |       |       |     4 ||     4
       Lesser Servant of |       |       |       |     4 ||     4
Evoke: Wand              |     8 |    10 |    29 |       ||    47
  Use: Scroll            |       |     1 |     7 |     9 ||    17
       Potion            |       |       |     2 |     1 ||     3
 Stab: Sleeping          |     6 |       |       |       ||     6
       Paralysed         |       |       |     5 |       ||     5
  Eat: Chunk             |     5 |    11 |    19 |     8 ||    43
       Ration            |       |       |     4 |     3 ||     7
Armor: Leather armour    |    47 |       |       |       ||    47
       Scale mail        |    33 |   198 |   272 |       ||   503
       Chain mail        |       |       |   227 |    80 ||   307
       Skin              |       |       |   114 |     9 ||   123
       Plate armour      |       |       |       |   163 ||   163
Dodge: Dodged            |   119 |   154 |   670 |   129 ||  1072
Block: Kite shield       |       |       |   169 |   245 ||   414
       Rpst.: Scimitar   |       |       |   110 |    38 ||   148

Table legend:
 A = Non-vault XP
 B = Vault XP
 C = Vault XP percentage of total XP
 D = Non-vault monster count
 E = Vault monster count
 F = Vault count percentage of total count
                 A         B        C        D         E       F
            +---------+---------+-------+---------+---------+-------
      Total |   11064 |    1476 |  11.8 |     247 |      25 |   9.2
            +---------+---------+-------+---------+---------+-------
        D:1 |      32 |       2 |   5.9 |      18 |       2 |  10.0
        D:2 |      78 |       2 |   2.5 |      18 |       2 |  10.0
        D:3 |     316 |     112 |  26.2 |      39 |       3 |   7.1
        D:4 |     130 |     135 |  50.9 |      11 |       2 |  15.4
        D:5 |     706 |      14 |   1.9 |      16 |       1 |   5.9
        D:6 |     485 |     196 |  28.8 |      13 |       1 |   7.1
        D:7 |    1577 |     753 |  32.3 |      40 |      12 |  23.1
        D:8 |    1192 |     262 |  18.0 |      25 |       2 |   7.4
        D:9 |    1488 |       0 |   0.0 |      17 |       0 |   0.0
       D:10 |    3455 |       0 |   0.0 |      40 |       0 |   0.0
       D:11 |    1605 |       0 |   0.0 |      10 |       0 |   0.0
            +---------+---------+-------+---------+---------+-------
